 Dungeon Crawl Stone Soup version 0.30.1 (webtiles) character file.

Game seed: 9876066826804465625

1228 safid the Chiller (level 8, -2/61 (64) HPs)
             Began as a Merfolk Ice Elementalist on July 6, 2023.
             Slain by a wight
             ... wielding a +4 battleaxe of flaming
              (7 damage)
             ... on level 5 of the Dungeon.
             The game lasted 00:07:57 (4322 turns).

safid the Chiller (Merfolk Ice Elementalist)        Turns: 4322, Time: 00:07:58

HP:   -2/61 (64)    AC:  9    Str:  8    XL:     8   Next: 48%
MP:   17/25         EV: 13    Int: 17    God:
Gold: 145           SH:  5    Dex: 14    Spells: 10/17 levels left

rFire   . . .        q - +2 short sword (venom)
rCold   . . .        (no shield)
rNeg    . . .        a - +0 robe
rPois   .            (no helmet)
rElec   .            (no cloak)
rCorr   .            (no gloves)
SInv    .            (no boots)
Will    +....        v - amulet of reflection
Stlth   ++           f - ring of willpower
HPRegen 0.30/turn    l - ring of magical power
MPRegen 0.19/turn

%: reflection
@: ice-armoured, freezing walls, lightly drained
A: (nimble swimmer 2), mertail
a: no special abilities


You were on level 5 of the Dungeon.
You visited 1 branch of the dungeon, and saw 5 of its levels.

You collected 145 gold pieces.

Inventory:

Hand Weapons
 q - a +2 short sword of venom (weapon)
Armour
 a - a +0 robe (worn)
Jewellery
 f - a ring of willpower (left hand)
 l - a ring of magical power (right hand)
 v - an amulet of reflection (around neck)
Wands
 x - a wand of mindburst (6)
 A - a wand of paralysis (8)
Scrolls
 c - 7 scrolls of identify {unknown}
 i - 2 scrolls of fog {unknown}
 j - 2 scrolls of vulnerability {unknown}
 m - 2 scrolls of noise {unknown}
 n - a scroll of blinking {unknown}
 o - 3 scrolls of silence {unknown}
 s - 3 scrolls of fear {unknown}
 t - a scroll of immolation {unknown}
 u - a scroll of poison {unknown}
 w - a scroll of enchant armour {unknown}
 y - a scroll of torment {unknown}
Potions
 b - a potion of magic
 d - a potion of degeneration {unknown}
 e - 2 potions of might {unknown}
 g - 3 potions of berserk rage {unknown}
 h - 2 potions of curing {unknown}
 k - a potion of heal wounds {unknown}
 p - a potion of attraction {unknown}
 r - a potion of flight {unknown}
 z - a potion of mutation {unknown}


   Skills:
 + Level 5.9 Fighting
 - Level 4.0 Dodging
 - Level 2.1 Stealth
 + Level 5.3 Spellcasting
 + Level 7.5 Ice Magic


You had 10 spell levels left.
You knew the following spells:

 Your Spells              Type           Power      Damage    Failure   Level
a - Freeze                Ice            100%       1d10      1%          1
b - Frozen Ramparts       Ice            60%        1d10      1%          3
c - Ozocubu's Armour      Ice            30%        N/A       1%          3

Your spell library contained the following spells:

 Spells                   Type           Power      Damage    Failure   Level
 Apportation              Tloc           8%         N/A       14%         1
 Magic Dart               Conj           16%        1d3       14%         1
 Poisonous Vapours        Pois/Air       8%         N/A       21%         2
 Searing Ray              Conj           8%         2d4       21%         2
 Summon Ice Beast         Ice/Summ       17%        N/A       28%         4
 Mephitic Cloud           Conj/Pois/Air  4%         N/A       38%         3
 Fulminant Prism          Conj/Hex       2%         3d5       80%         4
 Freezing Cloud           Conj/Ice/Air   6%         6-21      80%         5
 Alistair's Intoxication  Tmut/Pois      2%         N/A       98%         5


Dungeon Overview and Level Annotations

Branches:
Dungeon (5/15)
 Temple: D:4-7

Altars:
Elyvilon

Shops:
D:5 :

Annotations:
D:4 2 transporters, Drain's ghost, amateur OpCj


Innate Abilities, Weirdness & Mutations

((You are very nimble when in or above water. (Stealth+, EV+, Speed+++)))
Your lower body shifts to a powerful aquatic tail in water.


Message History

The wight resists.
The wall freezes the wight.
The wight hits you with a +4 battleaxe of flaming!
The wight burns you. The heat melts your icy armour.
You completely miss the wight.
The wight is moderately damaged.
The wight completely resists.
The wall freezes the wight but does no damage.
The wight misses you.
You hit the wight.
The wight is heavily damaged.
The wall freezes the wight but does no damage.
The wight hits you with a +4 battleaxe of flaming!!
The wight burns you. The heat melts your icy armour.
You are too injured to fight recklessly!
You are too injured to fight recklessly!
Unknown command.
You hit the wight but do no damage.
The wight is heavily damaged.
The wight resists.
The wall freezes the wight.
You block the wight's attack.
Casting: Ozocubu's Armour (safe; 1% risk of failure)
Confirm with . or Enter, or press ? or * to list all spells.
Aiming: Freeze (safe; 1% risk of failure)
Press: ? - help, Shift-Dir - straight line, f - wight
Aim: a wight, wielding a +4 battleaxe of flaming and wearing a +0 robe (heavily damaged)
You freeze the wight.
The wight resists.
The wight is heavily damaged.
The frozen ramparts melt away.
The wight closely misses you.
Casting: Freeze (safe; 1% risk of failure)
Confirm with . or Enter, or press ? or * to list all spells.
Casting: Frozen Ramparts (safe; 1% risk of failure)
Press: ? - help, Dir - look around, f - activate The walls around you are covered in ice.
A wight comes into view. It is wielding a +0 mace.
The wall freezes the wight but does no damage.
The wight hits you with a +4 battleaxe of flaming!
* * * LOW HITPOINT WARNING * * *
The wight burns you!
You die...

#.# #.# #.# #.#
#.# #.# # #.#
##z##########.##
#..z@......)...#
#######........#
#.######.# #.#
.# #.# .# #.# .#
#.# .# #.# #.#


You could see 2 wights.

Vanquished Creatures
  Pikel (D:4)
  A black bear (D:5)
  2 lemures (D:4)
  2 scorpions (D:4)
  A howler monkey (D:5)
  4 hounds
  2 orc priests
  Ijyb (D:5)
  Jessica (D:2)
  2 iguanas
  3 orc wizards
  7 gnolls
  2 adders (D:3)
  2 dart slugs
  13 orcs
  11 ball pythons
  4 bats
  7 endoplasms
  3 giant cockroaches
  8 goblins
  5 hobgoblins
  3 jackals (D:3)
  8 kobolds
  4 quokkas
  4 frilled lizards
  4 rats
105 creatures vanquished.

Vanquished Creatures (others)
  A quokka (D:4)
1 creature vanquished.

Grand Total: 106 creatures vanquished

Notes
Turn   | Place    | Note
-------+----------+-------------------------------------------
     0 | D:1      | safid the Merfolk Ice Elementalist began the quest for the
                  | Orb.
     0 | D:1      | Reached XP level 1. HP: 13/13 MP: 3/3
   119 | D:1      | Reached XP level 2. HP: 18/20 MP: 1/5
   207 | D:1      | Reached skill level 1 in Fighting
   731 | D:1      | Reached XP level 3. HP: 18/26 MP: 0/6
  1202 | D:2      | Learned a level 3 spell: Frozen Ramparts
  1336 | D:2      | Noticed Jessica
  1340 | D:2      | Killed Jessica
  1341 | D:2      | Reached skill level 5 in Ice Magic
  1341 | D:2      | Reached XP level 4. HP: 29/33 MP: 8/8
  1386 | D:2      | Learned a level 3 spell: Ozocubu's Armour
  2195 | D:3      | Reached XP level 5. HP: 32/39 MP: 9/9
  3040 | D:4      | Noticed Drain's ghost (amateur OpCj)
  3040 | D:4      | Found a transporter.
  3047 | D:4      | Noticed a lemure
  3048 | D:4      | Noticed Pikel
  3048 | D:4      | Noticed a lemure
  3048 | D:4      | Noticed a lemure
  3052 | D:4      | Noticed a lemure
  3127 | D:4      | Reached XP level 6. HP: 37/47 MP: 11/11
  3271 | D:4      | Killed Pikel
  3272 | D:4      | Reached skill level 6 in Ice Magic
  3272 | D:4      | Reached XP level 7. HP: 35/55 MP: 13/13
  3371 | D:4      | Reached skill level 5 in Fighting
  3488 | D:4      | Found a white marble altar of Elyvilon.
  3535 | D:4      | Reached XP level 8. HP: 49/62 MP: 15/15
  3600 | D:4      | Reached skill level 7 in Ice Magic
  3829 | D:4      | Found a transporter.
  3878 | D:5      | Entered Level 5 of the Dungeon
  3895 | D:5      | Found Cumay's Tremendous Tomes.
  3932 | D:5      | Reached skill level 5 in Spellcasting
  4266 | D:5      | Noticed Ijyb
  4273 | D:5      | Killed Ijyb
  4322 | D:5      | Slain by a wight

Illustrated notes

Levels and vault maps discovered:
D:1:      wander_arrival_estate, layout_basic, serial_bayou,
          serial_bayou_pond_b, serial_bayou_ford_a, serial_bayou_pond_a,
          serial_bayou_lake_a
D:2:      layout_basic, uniq_jessica
D:3:      layout_basic, interstate_on_off, kennysheep_generic_room_9
D:4:      layout_rooms, elyvilon_altar_4, gammafunk_ghost_stat_death, uniq_pikel
D:5:      layout_basic, gammafunk_ghost_smash, nicolae_shop_i_like_big_books,
          kennysheep_generic_room_4, uniq_ijyb

Skill      XL: |  1  2  3  4  5  6  7  8 |
---------------+-------------------------+-----
Fighting       | 1 2 3 4 5 |  5.9
Ice Magic      | 5 6 7 |  7.5
Dodging        | 3 4 |  4.0
Spellcasting   | 3 4 5 |  5.3
Stealth        | |  2.1

Action                     |  1- 3 |  4- 6 |  7- 9 || total
---------------------------+-------+-------+-------++-------
  Melee: Whip              |    54 |    18 |       ||    72
         Short sword       |       |    73 |    64 ||   137
         Punch             |       |       |     1 ||     1
   Cast: Freeze            |    32 |    21 |     6 ||    59
         Frozen Ramparts   |       |     6 |    12 ||    18
         Ozocubu's Armour  |       |     4 |     8 ||    12
   Stab: Sleeping          |     4 |     2 |     1 ||     7
 Armour: Robe              |    10 |    20 |    14 ||    44
  Dodge: Dodged            |    54 |    79 |    37 ||   170
  Block: Other             |       |       |    14 ||    14
         Reflection        |       |       |     1 ||     1
